 Dungeon Crawl Stone Soup version 0.16.2-12-gd0ad4c3 (webtiles) character file.

312416 faibistes the Sorcerer (level 20, -30/121 HPs)
             Began as a Deep Elf Wizard on Nov 27, 2018.
             Was the Champion of Sif Muna.
             Killed from afar by Boris (55 damage)
             ... with a bolt of cold
             ... on level 3 of the Vaults on Nov 28, 2018.
             The game lasted 04:54:58 (88717 turns).

faibistes the Sorcerer (Deep Elf Wizard)           Turns: 88717, Time: 04:54:58

Health: -30/121    AC: 15    Str:  4    XL:     20   Next: 44%
Magic:  15/52      EV: 22    Int: 33    God:    Sif Muna [******]
Gold:   1332       SH:  0    Dex: 15    Spells: 11 memorised, 4 levels left

rFire  . . .     SeeInvis +     W - +4 quarterstaff of Superiority {crush, rC- rN++ MP+9 Dex+2}
rCold  . . .     Clarity  .     O - +2 robe {rC+}
rNeg   + + .     SustAb   .     (no shield)
rPois  .         Gourm    +     G - +2 helmet {SInv} (curse)
rElec  .         Spirit   .     y - +2 cloak
rCorr  .         Warding  .     Y - +1 pair of gloves
rMut   .         Stasis   .     F - +2 pair of boots {run}
MR     ++...                    L - amulet of the gourmand
Stlth  ++........               C - ring of wizardry
                                v - +4 ring of evasion

@: deflect missiles, drained, quick, very resistant to hostile enchantments,
unstealthy
A: no striking features
a: Channel Energy, Forget Spell, Renounce Religion
}: 2/15 runes: decaying, gossamer


You were on level 3 of the Vaults.
You worshipped Sif Muna.
Sif Muna was exalted by your worship.
You were completely stuffed.

You visited 8 branches of the dungeon, and saw 44 of its levels.

You collected 4484 gold pieces.
You spent 3152 gold pieces at shops.

Inventory:

Hand weapons
 n - the +1 Staff of Olgreb {rPois}
   (You bought it in a shop on level 4 of the Dungeon)

   It protects you from poison.
 W - the +4 quarterstaff of Superiority (weapon) {crush, rC- rN++ MP+9 Dex+2}
   (You found it on level 1 of the Elven Halls)

   It inflicts extra damage upon your enemies.
   It affects your dexterity (+2).
   It makes you vulnerable to cold.
   It greatly protects you from negative energy.
   It affects your magic capacity (+9).
Armour
 y - a +2 cloak (worn)
 F - a +2 pair of boots of running (worn)
 G - a cursed +2 helmet of see invisible (worn)
 O - a +2 robe of cold resistance (worn)
 Y - a +1 pair of gloves (worn)
Magical staves
 t - an uncursed staff of air
Jewellery
 p - an uncursed ring of protection from magic
 v - a +4 ring of evasion (left hand)
 C - a ring of wizardry (right hand)
 L - an amulet of the gourmand (around neck)
 Q - an uncursed amulet of resist corrosion
Magical devices
 a - a wand of fireball (4)
 j - a wand of heal wounds (4)
 l - a wand of lightning (9)
 s - a wand of cold (11)
 u - a wand of polymorph (12)
 w - a wand of fire (8)
 D - a wand of heal wounds (3)
 K - a wand of draining (10)
 P - a wand of paralysis (14)
 R - a wand of fire (10)
Scrolls
 e - 6 scrolls of magic mapping
 g - 13 scrolls of recharging
 m - 3 scrolls of fear
 o - 12 scrolls of remove curse
 q - a scroll of blinking
 r - 15 scrolls of teleportation
 x - 5 scrolls of immolation
 A - 2 scrolls of summoning
 B - 2 scrolls of holy word
 J - 6 scrolls of identify
 S - 2 scrolls of fog
Potions
 b - a potion of invisibility
 f - 10 potions of curing
 h - 7 potions of brilliance
 i - 4 potions of haste
 k - 3 potions of magic
 E - 3 potions of flight
 H - 6 potions of ambrosia
 I - 4 potions of resistance
 T - 4 potions of restore abilities
 X - 2 potions of heal wounds
Miscellaneous
 U - a phial of floods
Comestibles
 c - 2 chunks of flesh
 d - 24 bread rations
 z - 12 meat rations


   Skills:
 + Level 11.8(11.7) Fighting
 - Level 4.0(3.9) Staves
 - Level 10.0(9.9) Dodging
 - Level 2.4(2.3) Stealth
 * Level 22.2(22.1) Spellcasting
 + Level 15.7(15.6) Conjurations
 - Level 11.6(11.5) Charms
 - Level 2.8(2.7) Summonings
 * Level 7.6(7.5) Translocations
 + Level 15.7 Fire Magic
 - Level 2.7(2.6) Air Magic
 * Level 12.9(12.8) Earth Magic
   Level 5.4(5.3) Poison Magic
 - Level 10.0(9.9) Invocations
 - Level 9.0(8.9) Evocations


You had 4 spell levels left.
You knew the following spells:

 Your Spells              Type           Power        Failure   Level  Hunger
a - Iron Shot             Conj/Erth      #######...   1%          6    None
b - Ring of Flames        Chrm/Fire      #######...   1%          7    None
c - Spellforged Servitor  Conj/Summ      #######...   7%          7    None
d - Blink                 Tloc           N/A          1%          2    None
f - Deflect Missiles      Chrm/Air       ######....   4%          6    None
h - Haste                 Chrm           #######.     1%          6    None
i - Iskenderun's Battles  Conj/Chrm      #######.     1%          5    None
l - Lee's Rapid Deconstr  Erth           #######...   1%          5    None
v - Bolt of Fire          Conj/Fire      #######...   1%          6    None
x - Force Lance           Conj/Tloc      #######.     1%          4    None
z - Fireball              Conj/Fire      #######...   1%          5    None


Dungeon Overview and Level Annotations

Branches:
Dungeon (15/15)            Temple (1/1) D:6            Lair (8/8) D:10
  Swamp (5/5) Lair:4       Spider (5/5) Lair:6        Slime (0/6) Lair:7
    Orc (4/4) D:11            Elf (2/3) Orc:4        Vaults (4/5) D:13
 Depths (0/5) D:15
  Crypt: Vaults:2-3

Altars:
Ashenzari
Cheibriados
Dithmenos
Elyvilon
Fedhas
Gozag
Kikubaaqudgha
Makhleb
Nemelex Xobeh
Okawaru
Qazlal
Ru
Sif Muna
Trog
Vehumet
Xom
Yredelemnul
Zin
The Shining One
Beogh

Shops:
D:4 }[%((   D:8 }   D:9 =   D:11 [*   D:14 ?   Orc:1 %   Orc:4 [*(=   Elf:2 [

Annotations:
Vaults:3 Boris


Message History

Confirm with . or Enter, or press ? or * to list all spells.
Aiming: Iron Shot
Press: ? - help, Shift-Dir - straight line, f/p - Boris
Aim: Boris, wearing a glowing robe (moderately damaged)
The iron shot hits Boris.
Boris is heavily damaged.
Boris hits you! Boris touches you.
* * * LOW HITPOINT WARNING * * *
You partially resist.
You feel drained.
Casting: Iron Shot
Confirm with . or Enter, or press ? or * to list all spells.
You blink.
Boris hits you!
* * * LOW HITPOINT WARNING * * *
Boris touches you but does no damage.
Casting: Blink
Confirm with . or Enter, or press ? or * to list all spells.
You blink.
Boris casts a spell at you. The bolt of cold hits you!
You die...

### #.### #.. ...#
##?. ..## #..#
#..# ### #..# #..#
###.. #..#
#..####.... +..##
##..'......#
#..####..##..>...'
#@.§L....##......#
###....#######....
###### ###.. ###


You could see Boris.

Vanquished Creatures
  Norris (Swamp:2)
  Saint Roka (Orc:4)
  A deep elf blademaster (Elf:2)
  Asterion (Swamp:1)
  Rupert (Lair:8)
  Frances (Elf:1)
  2 thorn hunters
  Roxanne (Swamp:3)
  Maud (D:15)
  A frost giant (Vaults:3)
  A fire giant (Vaults:3)
  Aizul (Swamp:1)
  Louise (Elf:2)
  9 emperor scorpions
  2 ghost moths (Spider:5)
  A very ugly thing (Swamp:4)
  5 vault wardens
  Jorgrun (Elf:2)
  9 ironheart preservers
  A deep elf annihilator (Elf:1)
  A dire elephant (D:15)
  Snorg (Swamp:1)
  3 fire dragons
  A deep elf high priest (Elf:1)
  Josephine (Elf:1)
  7 yaktaur captains
  6 vault guards
  Fannar (Lair:2)
  5 ogre magi
  A rakshasa (Vaults:2)
  The ghost of faibistes the Thaumaturge, a powerful DEWz of Sif Muna (Lair:5)
  A ghost crab (shapeshifter) (D:14)
  21 hydras
  2 ghost crabs
  A deep troll shaman (Vaults:1)
  11 dancing weapons (Elf:2)
  11 alligators
  7 centaur warriors
  3 orc high priests
  5 death yaks (Lair:8)
  A deep troll earth mage (Vaults:1)
  Urug (Orc:3)
  Nergalle (Lair:5)
  A shadow wraith (Vaults:1)
  11 deep elf knights
  7 skeletal warriors (Vaults:1)
  A wizard (Vaults:1)
  A giant orange brain (Vaults:1)
  17 hill giants
  4 ironbrand convokers
  10 swamp dragons
  9 orc knights
  8 deep elf summoners
  3 shambling mangroves
  9 deep elf conjurers
  Erolcha (D:7)
  Pikel (D:4)
  A flayed ghost (Vaults:2)
  3 unseen horrors
  13 deep trolls
  22 orb spiders
  7 cyclopes
  28 wolf spiders
  5 orc sorcerers
  7 hornets
  5 griffons
  7 manticores
  25 ugly things
  A moth of wrath (shapeshifter) (Vaults:2)
  5 moths of wrath
  A salamander (D:15)
  3 centaur zombies
  8 black mambas
  6 elephants (Lair:5)
  Maurice (D:13)
  Joseph (Orc:3)
  9 vault sentinels
  3 gargoyles
  A torpor snail (shapeshifter) (D:10)
  8 centaur skeletons
  3 torpor snails
  12 komodo dragons
  32 spiny frogs
  A spiny frog (shapeshifter) (Vaults:2)
  A kobold demonologist (D:13)
  8 fire drakes
  10 demonic crawlers
  20 deep elf priests
  A freezing wraith (Vaults:1)
  34 yaktaurs
  A hellwing (Elf:1)
  29 jumping spiders
  10 giant leeches
  Sonja (D:15)
  7 trolls
  7 two-headed ogres
  Prince Ribbit (D:5)
  4 baby alligators
  5 bog bodies
  4 boulder beetles
  A queen bee (D:14)
  10 ravens
  55 slime creatures
  2 hornet zombies (D:15)
  8 blink frogs
  2 harpy skeletons (D:15)
  3 shadows
  21 deep elf magi
  A trapdoor spider zombie (D:11)
  5 spriggans
  56 yaks
  A dryad (Lair:8)
  3 water elementals (D:13)
  A vampire (D:15)
  73 redbacks
  7 basilisks
  7 wraiths
  2 fire bats (Lair:6)
  30 trapdoor spiders
  14 hippogriffs
  21 tarantellas
  6 wyverns
  3 steam dragons
  27 deep elf fighters
  38 vampire mosquitoes
  31 swamp worms
  16 wolves
  A neqoxec (Elf:1)
  A mottled dragon (Lair:8)
  4 wargs
  2 hogs (D:15)
  Duvessa (D:5)
  2 hungry ghosts
  38 water moccasins
  2 soldier ants
  23 insubstantial wisps
  2 slaves
  9 wasps
  38 orc warriors
  19 swamp drakes
  14 porcupines
  30 ogres
  3 black bears
  6 eyes of draining
  A black bear (shapeshifter) (Vaults:1)
  A boring beetle (Spider:2)
  5 sky beasts
  34 spiders
  3 necrophages
  A boring beetle (shapeshifter) (D:15)
  6 ice beasts
  6 phantoms
  20 crocodiles
  9 centaurs
  28 giant frogs
  2 brain worms
  Blork the orc (D:4)
  A gnoll sergeant (D:10)
  8 scorpions
  A wyvern skeleton (D:13)
  A wyvern zombie (D:15)
  An ogre simulacrum (Vaults:1)
  21 killer bees (D:14)
  16 wights
  2 giant frog zombies
  2 quasits (D:11)
  10 electric eels
  15 crimson imps
  2 elf zombies (Elf:1)
  13 hounds
  4 goliath beetles
  19 iguanas
  Crazy Yiuf (D:3)
  28 orc priests
  A lava snake (Lair:6)
  31 orc wizards
  A giant frog skeleton (D:11)
  Natasha (D:3)
  14 worker ants
  8 sheep
  A killer bee zombie (D:5)
  Ijyb (D:4)
  Jessica (D:1)
  2 mummies
  2 worker ant zombies
  84 river rats
  30 adders
  6 gnolls
  5 shadow imps
  A giant mite (D:5)
  A white imp (D:7)
  2 worms
  An adder zombie (D:7)
  An adder skeleton (D:4)
  A spectral gnoll (Swamp:4)
  9 giant geckos
  2 oozes
  162 orcs
  3 ball pythons
  15 bats
  9 giant cockroaches
  20 goblins
  21 hobgoblins
  15 jackals
  A giant gecko skeleton (D:8)
  3 giant newts
  5 giant spores
  A jackal skeleton (D:7)
  17 kobolds
  2 orc skeletons (D:7)
  17 quokkas
  18 rats
  11 ballistomycetes
  2 crawling corpses (Elf:1)
  17 fungi
  3 plants
2028 creatures vanquished.

Vanquished Creatures (collateral kills)
  A centaur warrior (Vaults:2)
  An orc knight (Orc:2)
  A griffon (Vaults:2)
  A kobold demonologist (Vaults:2)
  A yak (Lair:8)
  A warg (Orc:2)
  2 wolves (Lair:6)
  An orc warrior (Orc:2)
  An ogre (Orc:2)
  A crocodile (Lair:8)
  A boring beetle (shapeshifter) (Vaults:2)
  An orc priest (Orc:2)
  A hound (D:4)
  2 orc wizards (Orc:2)
  Robin (D:2)
  2 adders
  7 river rats
  14 orcs
  A giant cockroach (D:2)
  A hobgoblin (D:2)
  A goblin (D:2)
  A bush (Lair:6)
  7 fungi
  2 plants
53 creatures vanquished.

Vanquished Creatures (others)
  A spellforged servitor (Vaults:2)
  A dryad (Lair:6)
  A hippogriff (D:12)
  2 insubstantial wisps (Swamp:4)
  A slave (D:5)
  A swamp drake (Swamp:4)
  Dowan (D:5)
  2 worker ants (D:5)
  A shadow imp (D:7)
  An adder skeleton (D:5)
  A hobgoblin (D:5)
  A giant spore (D:11)
  A bush (Lair:8)
  48 fungi
  32 plants
  199 snaplasher vine segments
294 creatures vanquished.

Grand Total: 2375 creatures vanquished

Notes
Turn   | Place    | Note
--------------------------------------------------------------
     0 | D:1      | faibistes, the Deep Elf Wizard, began the quest for the Orb.
     0 | D:1      | Reached XP level 1. HP: 10/10 MP: 6/6
   368 | D:1      | Reached XP level 2. HP: 15/15 MP: 3/9
   424 | D:1      | Learned a level 2 spell: Blink
   427 | D:1      | Learned a level 2 spell: Call Imp
   449 | D:2      | Noticed Jessica
  1062 | D:2      | Lost strength.
  1095 | D:1      | Killed Jessica
  1095 | D:1      | Reached XP level 3. HP: 16/19 MP: 7/13
  1258 | D:1      | Learned a level 3 spell: Conjure Flame
  1262 | D:1      | Learned a level 3 spell: Mephitic Cloud
  1364 | D:1      | Reached skill level 5 in Spellcasting
  1588 | D:2      | Noticed Robin
  1721 | D:3      | Noticed a phantom
  1847 | D:2      | Reached XP level 4. HP: 24/24 MP: 10/17
  2110 | D:2      | Killed Robin
  2446 | D:2      | Learned a level 2 spell: Repel Missiles
  2468 | D:3      | Found a burning altar of Makhleb.
  3261 | D:3      | Reached XP level 5. HP: 15/28 MP: 9/20
  3512 | D:3      | Found a sacrificial altar of Ru.
  3779 | D:3      | Killed a phantom
  3779 | D:3      | Reached skill level 6 in Spellcasting
  3779 | D:3      | Reached XP level 6. HP: 25/32 MP: 13/22
  4000 | D:3      | Noticed Crazy Yiuf
  4019 | D:3      | Killed Crazy Yiuf
  4171 | D:3      | Noticed Natasha
  4194 | D:3      | Killed Natasha
  4194 | D:3      | Reached skill level 1 in Evocations
  4278 | D:3      | Found a snail-covered altar of Cheibriados.
  4522 | D:4      | Found Caunn's Armour Shoppe.
  4540 | D:4      | Found Shraseoc's Weapon Shop.
  4619 | D:4      | Reached skill level 1 in Fighting
  4767 | D:5      | Entered Level 5 of the Dungeon
  4788 | D:5      | Reached XP level 7. HP: 30/39 MP: 6/24
  4908 | D:6      | Reached skill level 7 in Spellcasting
  5069 | D:4      | Found Mnaang's Antique Weapon Boutique.
  5122 | D:4      | Noticed Ijyb
  5134 | D:4      | Killed Ijyb
  5227 | D:4      | Noticed an ogre
  5250 | D:4      | Killed an ogre
  5434 | D:4      | Noticed a phantom
  5446 | D:4      | Killed a phantom
  5500 | D:4      | Noticed an ogre
  5514 | D:4      | Killed an ogre
  5576 | D:4      | Found Ampanom's Food Emporium.
  5580 | D:4      | Found a stormy altar of Qazlal.
  5667 | D:4      | Reached skill level 5 in Dodging
  5727 | D:4      | Noticed Blork the orc
  5762 | D:4      | Killed Blork the orc
  5762 | D:4      | Reached skill level 8 in Spellcasting
  6023 | D:4      | Noticed a phantom
  6034 | D:4      | Killed a phantom
  6034 | D:4      | Reached XP level 8. HP: 33/46 MP: 15/27
  6174 | D:4      | Found Smaah's Gadget Emporium.
  6231 | D:5      | Noticed Pikel
  6254 | D:4      | Killed Pikel
  6254 | D:4      | Reached skill level 9 in Spellcasting
  6776 | D:5      | Noticed Prince Ribbit
  6781 | D:5      | Killed Prince Ribbit
  6885 | D:5      | Found a blossoming altar of Fedhas.
  7138 | D:5      | Noticed Duvessa
  7142 | D:5      | Noticed Dowan
  7157 | D:5      | Killed Duvessa
  7160 | D:5      | Killed Dowan
  7322 | D:5      | Reached XP level 9. HP: 24/52 MP: 15/29
  8038 | D:6      | Found a staircase to the Ecumenical Temple.
  8104 | D:6      | Reached skill level 5 in Fighting
  8468 | D:6      | Reached skill level 10 in Spellcasting
  9253 | D:7      | Got a crystal spear
  9255 | D:7      | Lost strength.
  9255 | D:7      | Identified the +3 spear "Ughumn" {venom, rElec Str-4 Dex+4} (You found it on level 7 of the Dungeon)
  9454 | D:7      | Reached skill level 5 in Evocations
  9972 | Temple   | Entered the Ecumenical Temple
 10067 | Temple   | Became a worshipper of Sif Muna the Loreminder
 10684 | D:8      | Noticed Erolcha
 10697 | D:7      | Killed Erolcha
 10697 | D:7      | Reached skill level 1 in Fire Magic
 10697 | D:7      | Reached skill level 1 in Air Magic
 10697 | D:7      | Reached skill level 1 in Poison Magic
 10916 | D:7      | Acquired Sif Muna's first power
 11574 | D:8      | Reached skill level 5 in Conjurations
 11596 | D:8      | Noticed a hill giant
 11616 | D:8      | Killed a hill giant
 11616 | D:8      | Reached skill level 11 in Spellcasting
 11616 | D:8      | Reached XP level 10. HP: 20/60 MP: 22/32
 12301 | D:8      | Found Gitiugut's Quality Used Wands.
 12579 | D:9      | Reached skill level 1 in Charms
 12875 | D:9      | Acquired Sif Muna's second power
 12949 | D:10     | Entered Level 10 of the Dungeon
 13063 | D:9      | Reached skill level 1 in Invocations
 13718 | D:9      | Learned a level 2 spell: Shroud of Golubria
 13722 | D:9      | Learned a level 3 spell: Regeneration
 13766 | D:9      | Found Waguacli's Jewellery Shoppe.
 13788 | D:9      | Bought an uncursed ring of wizardry for 360 gold pieces
 13879 | D:11     | Found Jaowol's Armour Boutique.
 14464 | D:10     | Noticed a hill giant
 14470 | D:10     | Killed a hill giant
 14542 | D:10     | Found a staircase to the Lair.
 14607 | D:10     | Noticed a hill giant
 14613 | D:10     | Killed a hill giant
 14613 | D:10     | Reached XP level 11. HP: 66/66 MP: 1/33
 14721 | D:10     | Reached skill level 12 in Spellcasting
 14721 | D:10     | Reached skill level 5 in Fire Magic
 15144 | D:10     | Noticed a yaktaur captain
 15146 | D:10     | Noticed a griffon
 15167 | D:10     | Noticed a hill giant
 15170 | D:10     | Killed a hill giant
 15183 | D:10     | Killed a yaktaur captain
 15198 | D:10     | Noticed a brown ugly thing
 15522 | D:10     | Killed a griffon
 15726 | D:10     | Killed a brown ugly thing
 16122 | D:11     | Noticed a manticore
 16122 | D:11     | Noticed a hill giant
 16158 | D:10     | Killed a hill giant
 16448 | D:11     | Acquired Sif Muna's third power
 16451 | D:11     | Noticed a cyclops
 16626 | D:10     | Killed a cyclops
 16626 | D:10     | Reached skill level 5 in Invocations
 17120 | D:11     | Killed a manticore
 17554 | D:10     | Identified a scroll of acquirement
 17555 | D:10     | Identified faibistes' Disquisition on Attacks (You acquired it on level 10 of the Dungeon)
 17562 | D:10     | Learned a level 5 spell: Iskenderun's Battlesphere
 17590 | D:10     | Reached XP level 12. HP: 72/72 MP: 24/35
 17717 | D:10     | Got a scorched steel ring
 17883 | D:10     | Identified the ring of Xom's Flight of Fancy {+/*Tele Int-4 Slay+2 SInv} (You took it off a centaur on level 10 of the Dungeon)
 17947 | Lair:1   | Entered Level 1 of the Lair of Beasts
 18406 | Lair:3   | Reached skill level 13 in Spellcasting
 18871 | Lair:1   | Learned a level 3 spell: Dazzling Spray
 18963 | Lair:1   | Reached skill level 5 in Charms
 20138 | Lair:2   | Noticed Fannar
 20148 | Lair:2   | Reached skill level 5 in Translocations
 20188 | Lair:2   | Killed Fannar
 23518 | Lair:4   | Found a staircase to the Swamp.
 24096 | Lair:5   | Noticed faibistes' ghost (powerful DEWz)
 24102 | Lair:5   | Killed faibistes' ghost
 24102 | Lair:5   | Reached XP level 13. HP: 78/78 MP: 27/36
 24242 | Lair:5   | Noticed Nergalle
 24263 | Lair:5   | Killed Nergalle
 24406 | Lair:5   | Reached skill level 14 in Spellcasting
 24422 | Lair:5   | Received a gift from Sif Muna
 24423 | Lair:5   | Identified Sif Muna's Compendium of Assistive Calling (Sif Muna gifted it to you on level 5 of the Lair of Beasts)
 24432 | Lair:5   | Reached skill level 1 in Staves
 24450 | Lair:5   | Learned a level 5 spell: Summon Forest
 24697 | Lair:2   | Learned a level 6 spell: Haste
 24714 | Lair:2   | Learned a level 6 spell: Deflect Missiles
 25494 | Lair:6   | Noticed a five-headed hydra
 25502 | Lair:6   | Killed a five-headed hydra
 25638 | Lair:8   | Entered Level 8 of the Lair of Beasts
 25944 | Lair:6   | Noticed a five-headed hydra
 25967 | Lair:6   | Killed a five-headed hydra
 26318 | Lair:6   | Found a hole to the Spider Nest.
 26945 | Lair:7   | Found a staircase to the Slime Pits.
 28988 | Lair:8   | Received a gift from Sif Muna
 28989 | Lair:8   | Identified Sif Muna's Collected Works on Torrid Conjuration (Sif Muna gifted it to you on level 8 of the Lair of Beasts)
 29112 | Lair:2   | Learned a level 4 spell: Sticky Flame
 29774 | Lair:8   | Reached XP level 14. HP: 79/84 MP: 26/38
 30204 | Lair:8   | Noticed Rupert
 30232 | Lair:8   | Killed Rupert
 30232 | Lair:8   | Reached skill level 15 in Spellcasting
 32111 | Lair:8   | Reached skill level 10 in Conjurations
 32643 | Lair:8   | Reached skill level 10 in Dodging
 33281 | D:11     | Reached skill level 10 in Fire Magic
 33610 | D:4      | Bought the +0 Staff of Olgreb {rPois} for 1000 gold pieces
 34369 | D:11     | Found a staircase to the Orcish Mines.
 34534 | D:11     | Found Chamis' General Store.
 34710 | D:11     | Noticed a manticore
 34721 | D:11     | Killed a manticore
 35056 | Orc:1    | Entered Level 1 of the Orcish Mines
 35056 | Orc:1    | Found Blouk's Food Boutique.
 36079 | Orc:2    | Found a roughly hewn altar of Beogh.
 36484 | Orc:3    | Noticed Joseph
 36494 | Orc:3    | Killed Joseph
 36549 | Orc:4    | Entered Level 4 of the Orcish Mines
 36729 | Orc:3    | Received a gift from Sif Muna
 36730 | Orc:3    | Identified Sif Muna's Catalogue of Ignition and Conjuration (Sif Muna gifted it to you on level 3 of the Orcish Mines)
 36847 | Lair:2   | Learned a level 5 spell: Fireball
 36858 | Lair:2   | Learned a level 6 spell: Bolt of Fire
 37138 | Orc:3    | Noticed Urug
 37143 | Orc:3    | Killed Urug
 37412 | D:9      | Bought an uncursed amulet of the gourmand for 360 gold pieces
 38359 | Orc:4    | Noticed Saint Roka
 38583 | Orc:4    | Killed Saint Roka
 38583 | Orc:4    | Reached XP level 15. HP: 9/89 MP: 20/39
 39232 | Orc:4    | Found a roughly hewn altar of Beogh.
 39436 | Orc:4    | Found Ulaomm's Antique Weapon Shop.
 39469 | Orc:4    | Found Skappaiz's General Store.
 39568 | Orc:4    | Found Soitoik's Jewellery Shop.
 39674 | Orc:4    | Found a staircase to the Elven Halls.
 39862 | Orc:4    | Found Hageh's Antique Armour Shop.
 39868 | Orc:4    | Bought a runed hat for 112 gold pieces
 40291 | Orc:4    | Bought 2 potions of haste for 240 gold pieces
 40336 | Elf:1    | Entered Level 1 of the Elven Halls
 40438 | Elf:1    | Noticed Frances
 40471 | Elf:1    | Got a warped quarterstaff
 40472 | Elf:1    | Identified the +4 quarterstaff of Superiority {crush, rC- rN++ MP+9 Dex+2} (You found it on level 1 of the Elven Halls)
 40861 | Elf:1    | Reached skill level 10 in Invocations
 40969 | Elf:1    | Reached skill level 16 in Spellcasting
 41152 | Elf:1    | Noticed Josephine
 41156 | Elf:1    | Killed Josephine
 41518 | Elf:1    | Killed Frances
 42477 | Elf:2    | Found Pro Fyuc's Armour Emporium.
 42807 | Elf:2    | Reached skill level 10 in Charms
 42815 | Elf:2    | Received a gift from Sif Muna
 42817 | Elf:2    | Identified Sif Muna's Guide on Summoning (Sif Muna gifted it to you on level 2 of the Elven Halls)
 43052 | Elf:2    | Bought a +2 pair of boots of running for 456 gold pieces
 43074 | Elf:2    | Found a burning altar of Makhleb.
 43172 | Elf:2    | Found a runed gate.
 43305 | Elf:2    | Found a runed gate.
 43308 | Elf:2    | Found a runed gate.
 43414 | Elf:2    | Noticed a deep elf blademaster
 43418 | Elf:2    | Killed a deep elf blademaster
 44221 | Elf:2    | Reached XP level 16. HP: 96/96 MP: 40/40
 44332 | Elf:2    | Noticed Louise
 44338 | Elf:2    | Killed Louise
 44370 | Elf:2    | Noticed Jorgrun
 44749 | Elf:2    | Killed Jorgrun
 45120 | Lair:2   | Learned a level 7 spell: Ring of Flames
 45287 | Spider:1 | Entered Level 1 of the Spider Nest
 45293 | Spider:1 | Reached skill level 17 in Spellcasting
 46828 | Spider:1 | Identified the Papyrus of the Glacier
 46847 | Spider:1 | Received a gift from Sif Muna
 46866 | Spider:1 | Learned a level 4 spell: Force Lance
 51997 | Spider:5 | Entered Level 5 of the Spider Nest
 53047 | Spider:4 | Reached skill level 18 in Spellcasting
 53400 | Lair:2   | Learned a level 6 spell: Poison Arrow
 54299 | Spider:5 | Received a gift from Sif Muna
 54325 | Spider:4 | Learned a level 6 spell: Iron Shot
 54758 | Spider:4 | Reached XP level 17. HP: 101/101 MP: 10/42
 55487 | Spider:4 | Reached skill level 1 in Earth Magic
 55750 | Swamp:1  | Entered Level 1 of the Swamp
 56142 | Swamp:1  | Noticed Aizul
 56221 | Swamp:1  | Killed Aizul
 56920 | Swamp:1  | Noticed Snorg
 56925 | Swamp:1  | Killed Snorg
 57564 | Swamp:1  | Noticed Asterion
 57570 | Swamp:1  | Killed Asterion
 57757 | Swamp:2  | Noticed Norris
 57759 | Swamp:2  | Paralysed by Norris for 6 turns
 57768 | Swamp:2  | Killed Norris
 58573 | Swamp:2  | Reached skill level 10 in Fighting
 59153 | Swamp:2  | Received a gift from Sif Muna
 59613 | Swamp:2  | Reached skill level 5 in Poison Magic
 60147 | Swamp:3  | Noticed Roxanne
 61316 | Swamp:5  | Entered Level 5 of the Swamp
 61320 | Swamp:5  | Reached skill level 5 in Earth Magic
 62190 | Swamp:4  | Reached skill level 19 in Spellcasting
 62760 | Swamp:4  | Got a clouded amber ring
 62762 | Swamp:4  | Identified the ring of the Solstice {-Cast +Inv rElec EV+6 Str+3} (You found it on level 4 of the Swamp)
 63910 | D:13     | Noticed Maurice
 63919 | D:13     | Killed Maurice
 64433 | D:12     | Noticed an unseen horror
 64436 | D:12     | Killed an unseen horror
 64452 | D:12     | Reached XP level 18. HP: 108/108 MP: 3/43
 65601 | D:13     | Found a shimmering altar of Xom.
 66108 | D:13     | Received a gift from Sif Muna
 66118 | D:13     | Identified Sif Muna's Compendium of Burning Damage Dealing (Sif Muna gifted it to you on level 13 of the Dungeon)
 66603 | D:13     | Found a gate to the Vaults.
 66740 | Lair:2   | Learned a level 6 spell: Poison Arrow
 67417 | D:15     | Entered Level 15 of the Dungeon
 68264 | D:14     | Found Erghuttui's Magic Scroll Boutique.
 68273 | D:14     | Bought a scroll of acquirement for 624 gold pieces
 69097 | D:15     | Noticed Sonja
 69098 | D:15     | Killed Sonja
 71496 | D:15     | Noticed Maud
 71500 | D:15     | Killed Maud
 71500 | D:15     | Reached skill level 20 in Spellcasting
 71651 | D:15     | Found a staircase to the Depths.
 74090 | Spider:5 | Received a gift from Sif Muna
 74091 | Spider:5 | Identified Sif Muna's Volume of Blows and Bruises (Sif Muna gifted it to you on level 5 of the Spider Nest)
 75817 | Spider:5 | Got a gossamer rune of Zot
 76623 | Swamp:4  | Reached skill level 15 in Conjurations
 76623 | Swamp:4  | Reached XP level 19. HP: 83/114 MP: 35/44
 77916 | Swamp:5  | Reached skill level 10 in Earth Magic
 78136 | Swamp:5  | Reached skill level 15 in Fire Magic
 78352 | Swamp:5  | Got a decaying rune of Zot
 78699 | Vaults:1 | Entered Level 1 of the Vaults
 78745 | Vaults:1 | Received a gift from Sif Muna
 79385 | Vaults:1 | Reached skill level 21 in Spellcasting
 81587 | Vaults:1 | Received a gift from Sif Muna
 81589 | Vaults:1 | Identified Sif Muna's Papyrus of Damaging Clay (Sif Muna gifted it to you on level 1 of the Vaults)
 81596 | Vaults:1 | Learned a level 5 spell: Lee's Rapid Deconstruction
 82778 | Swamp:3  | Killed Roxanne
 84636 | Vaults:2 | Reached XP level 20. HP: 120/120 MP: 26/45
 85692 | Vaults:2 | Reached skill level 22 in Spellcasting
 85814 | Vaults:3 | Received a gift from Sif Muna
 85820 | Vaults:3 | Identified Sif Muna's Handbook of Damaging Displacement (Sif Muna gifted it to you on level 3 of the Vaults)
 86167 | Lair:2   | Learned a level 7 spell: Spellforged Servitor
 88707 | Vaults:3 | Noticed Boris
 88717 | Vaults:3 | Killed from afar by Boris

Action                   |  1- 3 |  4- 6 |  7- 9 | 10-12 | 13-15 | 16-18 | 19-21 || total
-------------------------+-------+-------+-------+-------+-------+-------+-------++-------
Melee: Unarmed           |     1 |       |       |       |       |       |       ||     1
       Dagger            |       |    14 |    43 |    79 |   167 |       |       ||   303
       Halberd           |       |       |     7 |   234 |       |       |       ||   241
       Staff             |       |       |       |     9 |   125 |    64 |       ||   198
       Quarterstaff      |       |       |       |       |     3 |    42 |     7 ||    52
 Cast: Magic Dart        |    94 |   127 |   411 |   737 |   502 |   102 |    43 ||  2016
       Blink             |     3 |     1 |     6 |    16 |    21 |    13 |     7 ||    67
       Mephitic Cloud    |     2 |    10 |    32 |    59 |    27 |       |       ||   130
       Call Imp          |     1 |     2 |     7 |       |       |       |       ||    10
       Conjure Flame     |       |     3 |    33 |   132 |    59 |       |       ||   227
       Repel Missiles    |       |     2 |     1 |       |       |       |       ||     3
       Shroud of Golubri |       |       |       |    15 |    12 |       |       ||    27
       Regeneration      |       |       |       |    14 |     7 |       |       ||    21
       Iskenderun's Batt |       |       |       |    49 |   102 |    31 |     7 ||   189
       Dazzling Spray    |       |       |       |    39 |   116 |       |       ||   155
       Sticky Flame      |       |       |       |       |    95 |    12 |       ||   107
       Summon Forest     |       |       |       |       |     6 |       |       ||     6
       Deflect Missiles  |       |       |       |       |     3 |     5 |     4 ||    12
       Haste             |       |       |       |       |     4 |     5 |       ||     9
       Bolt of Fire      |       |       |       |       |   108 |   528 |   228 ||   864
       Fireball          |       |       |       |       |    89 |   240 |   114 ||   443
       Force Lance       |       |       |       |       |       |    85 |    28 ||   113
       Ring of Flames    |       |       |       |       |       |    69 |    23 ||    92
       Poison Arrow      |       |       |       |       |       |     4 |     2 ||     6
       Iron Shot         |       |       |       |       |       |    21 |    27 ||    48
       Lee's Rapid Decon |       |       |       |       |       |       |    22 ||    22
       Spellforged Servi |       |       |       |       |       |       |     4 ||     4
Invok: Channel Energy    |       |       |       |    23 |   121 |   238 |   140 ||   522
       Forget Spell      |       |       |       |       |     4 |     3 |     2 ||     9
Evoke: Wand              |       |     2 |       |    17 |       |     4 |       ||    23
       Staff of Olgreb   |       |       |       |       |    24 |    41 |       ||    65
  Use: Scroll            |       |     5 |    13 |    11 |    16 |    22 |     5 ||    72
       Potion            |       |       |     4 |     2 |     5 |     8 |     1 ||    20
 Stab: Confused          |       |       |     5 |    11 |     8 |       |       ||    24
       Invisible         |       |       |       |     1 |     7 |       |       ||     8
       Distracted        |       |       |       |     1 |       |       |       ||     1
       Sleeping          |       |       |       |       |     3 |       |       ||     3
  Eat: Chunk             |     3 |     9 |    19 |    40 |   111 |   135 |    56 ||   373
       Fruit             |       |       |     1 |       |     4 |     3 |     1 ||     9
       Beef jerky        |       |       |       |     3 |     1 |     3 |       ||     7
       Pizza             |       |       |       |       |     1 |     3 |       ||     4
       Royal jelly       |       |       |       |       |     1 |     2 |     1 ||     4
